 Dungeon Crawl Stone Soup version 0.22.1-1-ga44c0e5 (webtiles) character file.

1422 Fang the Chopper (level 8, -2/51 HPs)
             Began as a Gargoyle Berserker on Oct 1, 2018.
             Was an Elder of Trog.
             Slain by Pikel
             ... wielding a +0 whip of freezing
              (3 damage)
             ... on level 6 of the Dungeon.
             The game lasted 00:11:19 (5872 turns).

Fang the Chopper (Gargoyle Berserker)               Turns: 5872, Time: 00:11:20

Health: -2/51      AC:  8    Str: 24    XL:     8   Next: 72%
Magic:  8/8        EV: 13    Int:  7    God:    Trog [****..]
Gold:   285        SH:  0    Dex:  9    Spells: 7/7 levels left

rFire    . . .     SeeInvis .   a - +1 hand axe
rCold    . . .     Gourm    .   (no shield)
rNeg     + . .     Faith    .   b - +1 animal skin
rPois    ∞         Spirit   .   (no helmet)
rElec    +         Reflect  .   (no cloak)
rCorr    .         Harm     .   (no gloves)
MR       .....                  (no boots)
Stlth    ++........             (no amulet)
HPRegen  0.17/turn              (no ring)
MPRegen  0.11/turn              (no ring)

@: berserk cooldown, slowed, very slow
A: negative energy resistance 1, electricity resistance, unbreathing,
petrification resistance, rot immunity, AC +5
a: Berserk, Trog's Hand, Brothers in Arms, Renounce Religion


You were on level 6 of the Dungeon.
You worshipped Trog.
Trog was greatly pleased with you.
You were near starving.

You visited 1 branch of the dungeon, and saw 6 of its levels.
You also visited: Sewer.

You collected 285 gold pieces.

Inventory:

Hand Weapons
 a - a +1 hand axe (weapon)
Armour
 b - a +1 animal skin (worn)
Jewellery
 o - an uncursed ring of see invisible {unknown}
Wands
 j - a wand of polymorph (8)
Scrolls
 g - a scroll of immolation {unknown}
 m - a scroll of remove curse
 n - 2 scrolls of identify
Potions
 d - 3 potions of heal wounds {unknown}
 e - 2 potions of flight
 f - a potion of resistance
 h - 2 potions of brilliance
 i - 2 potions of might {unknown}
 k - 11 potions of curing {unknown}
 l - a potion of haste {unknown}
 p - a potion of degeneration {unknown}
Comestibles
 c - 14 rations


   Skills:
 + Level 6.1 Fighting
 + Level 7.2 Axes
 + Level 2.2 Armour
 + Level 4.4 Dodging
 + Level 3.0 Stealth


You had 7 spell levels left.
You didn't know any spells.
Your spell library was empty.

Dungeon Overview and Level Annotations

Branches:
Dungeon (6/15)
 Temple: D:4-7

Altars:
Ashenzari
Elyvilon
Okawaru
Qazlal
Sif Muna
Uskayaw
The Shining One

Shops:
D:4 ?

Annotations:
D:6 Pikel


Innate Abilities, Weirdness & Mutations

You are resistant to torment.
Your stone body is resilient. (AC +5)
You are immune to poison.
You resist negative energy. (rN+)
You are resistant to electric shocks. (rElec)
You can survive without breathing.
You are immune to petrification.
You are immune to rotting.


Message History

You barely miss Pikel.
Pikel is severely wounded.
Pikel hits you with a whip of freezing.
* * * LOW HITPOINT WARNING * * *
Pikel freezes you.
* * * LOW HITPOINT WARNING * * *
You hit Pikel but do no damage.
Pikel is severely wounded.
Pikel completely misses you. Pikel misses you.
You completely miss Pikel.
Pikel is severely wounded.
Pikel closely misses you.
You closely miss Pikel.
Pikel is severely wounded.
Pikel hits you with a whip of freezing!
* * * LOW HITPOINT WARNING * * *
Pikel freezes you.
* * * LOW HITPOINT WARNING * * *
Pikel hits you with a whip of freezing.
You die...

#....#
+....#
#....+
#....#
#....#
#....#
#####K[..#
#<..[@<..#
#........+
+........#
#........#
#....#+###
#....#
#....#
#....#


You could see Pikel.

Vanquished Creatures
  Sigmund (D:4)
  Edmund (D:4)
  Duvessa (D:4)
  4 slaves (D:6)
  A phantom (D:5)
  A centaur (D:5)
  2 big kobolds (Sewer)
  Dowan (D:4)
  A howler monkey (D:4)
  A crimson imp (D:5)
  A bullfrog skeleton (D:4)
  2 orc priests (D:4)
  3 hounds (D:5)
  5 orc wizards
  4 worker ants
  7 adders
  2 shadow imps (D:5)
  2 oozes (Sewer)
  An adder skeleton (D:4)
  6 worms
  2 dart slugs (D:1)
  3 leopard geckos
  11 orcs
  11 giant cockroaches
  4 goblins
  9 hobgoblins
  2 jackals (D:3)
  19 kobolds
  2 quokkas (D:4)
  2 ball pythons
  9 bats
  4 frilled lizards
  9 rats
134 creatures vanquished.

Vanquished Creatures (others)
  An orc wizard (D:4)
  An adder skeleton (D:4)
2 creatures vanquished.

Grand Total: 136 creatures vanquished

Notes
Turn   | Place    | Note
-------+----------+-------------------------------------------
     0 | D:1      | Fang the Gargoyle Berserker began the quest for the Orb.
     0 | D:1      | Reached XP level 1. HP: 14/14 MP: 1/1
   226 | D:1      | Reached XP level 2. HP: 5/19 MP: 2/2
   704 | D:1      | Reached skill level 3 in Axes
   890 | D:2      | Found a deep blue altar of Sif Muna.
   957 | D:2      | Reached XP level 3. HP: 8/24 MP: 3/3
  1453 | D:2      | Reached XP level 4. HP: 12/29 MP: 4/4
  1733 | D:2      | Reached skill level 1 in Stealth
  2072 | D:2      | Found an iron altar of Okawaru.
  2088 | D:2      | Found a glowing golden altar of the Shining One.
  2152 | D:2      | Found a stormy altar of Qazlal.
  2152 | D:2      | Found a hide-covered altar of Uskayaw.
  2465 | D:3      | Reached ** piety under Trog
  2850 | D:3      | Reached XP level 5. HP: 27/33 MP: 5/5
  3409 | D:4      | Found a white marble altar of Elyvilon.
  3424 | D:4      | Reached skill level 4 in Axes
  3443 | D:4      | Found Wuwyhal's Magic Scroll Shop.
  3519 | D:4      | Noticed Edmund
  3539 | D:4      | Killed Edmund
  3539 | D:4      | Reached XP level 6. HP: 39/39 MP: 6/6
  3631 | D:4      | Found a glowing drain.
  3752 | Sewer    | Entered a sewer
  3862 | Sewer    | Reached skill level 5 in Axes
  3916 | Sewer    | Reached *** piety under Trog
  3916 | Sewer    | Reached XP level 7. HP: 38/44 MP: 7/7
  4099 | D:4      | Reached skill level 5 in Fighting
  4212 | D:4      | Noticed Sigmund
  4226 | D:4      | Noticed Duvessa
  4228 | D:4      | Killed Sigmund
  4228 | D:4      | Noticed Dowan
  4241 | D:4      | Killed Duvessa
  4255 | D:4      | Killed Dowan
  4255 | D:4      | Reached skill level 6 in Axes
  4347 | D:4      | Reached XP level 8. HP: 17/50 MP: 8/8
  4877 | D:5      | Entered Level 5 of the Dungeon
  5405 | D:5      | Reached skill level 7 in Axes
  5584 | D:5      | Reached **** piety under Trog
  5627 | D:5      | Found a shattered altar of Ashenzari.
  5836 | D:6      | Noticed Pikel
  5872 | D:6      | HP: 1/51 [Pikel/whip of freezing (2)]
  5872 | D:6      | Slain by Pikel

Skill      XL: |  1  2  3  4  5  6  7  8 |
---------------+-------------------------+-----
Axes           | 3 4 5 6 7 |  7.2
Fighting       | 4 5 6 |  6.1
Dodging        | 2 3 4 |  4.4
Stealth        | 1 2 3 |  3.0
Armour         | |  2.2

Action                   |  1- 3 |  4- 6 |  7- 9 || total
-------------------------+-------+-------+-------++-------
Melee: Hand axe          |    97 |   197 |   247 ||   541
Invok: Berserk           |     2 |     1 |     5 ||     8
  Use: Scroll            |       |     6 |     3 ||     9
 Stab: Sleeping          |     1 |       |     2 ||     3
  Eat: Chunk             |     3 |     9 |    10 ||    22
Armor: Animal skin       |    40 |    80 |    83 ||   203
       Skin              |       |       |    18 ||    18
Dodge: Dodged            |    52 |   140 |   143 ||   335
